 Dungeon Crawl Stone Soup version 0.29-a0-1019-g84f7d21838 (webtiles) character file.

Game seed: 6359655908935810771

172 Newt the Skirmisher (level 5, -3/31 HPs)
             Began as a Kobold Hunter on Aug 10, 2022.
             Slain by a black bear (5 damage)
             ... on level 4 of the Dungeon.
             The game lasted 00:04:07 (2306 turns).

Newt the Skirmisher (Kobold Hunter)                 Turns: 2306, Time: 00:04:08

Health: -3/31      AC:  3    Str:  7    XL:     5   Next: 83%
Magic:  5/5        EV: 14    Int: 10    God:
Gold:   149        SH:  0    Dex: 20    Spells: 4/4 levels left

rFire   . . .      SeeInvis .   a - +1 shortbow
rCold   + . .      Faith    .   (shield currently unavailable)
rNeg    + . .      Spirit   .   c - +0 leather armour
rPois   .          Reflect  .   (no helmet)
rElec   .          Harm     .   (no cloak)
rCorr   .          Rampage  .   (no gloves)
Will    .....                   d - +1 pair of boots
Stlth   +.........              (no amulet)
HPRegen 0.10/turn               i - ring of positive energy
MPRegen 0.09/turn               (no ring)

@: confused, ambrosia-drunk, on berserk cooldown, flying, slowed, glowing, very
slow
A: small, no large weapons, nightstalker 3, talons 1, cold resistance 1,
deformed body, weak 1
a: no special abilities


You were on level 4 of the Dungeon.
You visited 1 branch of the dungeon, and saw 5 of its levels.

You collected 149 gold pieces.

Inventory:

Hand Weapons
 a - a +1 shortbow (weapon)
Armour
 c - a +0 leather armour (worn)
 d - a +1 pair of boots (worn)
Jewellery
 i - a ring of positive energy (left hand)
Wands
 h - a wand of flame (28)
Scrolls
 b - 2 scrolls of immolation
 f - 2 scrolls of enchant armour
 m - a scroll of poison
Potions
 e - 2 potions of curing
 k - a potion of heal wounds
 o - a potion of ambrosia


   Skills:
 + Level 2.5 Fighting
 - Level 8.1 Ranged Weapons
 + Level 0.5 Armour
 - Level 2.4 Dodging
 * Level 2.7 Stealth


You had 4 spell levels left.
You didn't know any spells.
Your spell library contained the following spells:

 Spells                   Type           Power      Damage    Failure   Level
 Summon Guardian Golem    Hex/Summ       0%         N/A       86%         3
 Animate Armour           Summ/Erth      0%         N/A       99%         4
 Blade Hands              Tmut           0%         N/A       100%        5
 Iron Shot                Conj/Erth      0%         9d1       100%        6
 Orb of Destruction       Conj           0%         9d5       100%        7
 Spellforged Servitor     Conj/Summ      0%         N/A       100%        7


Dungeon Overview and Level Annotations

Branches:
Dungeon (5/15)
 Temple: D:4-7

Altars:
Qazlal
Xom
Zin


Innate Abilities, Weirdness & Mutations

You are small and have problems with some larger weapons.
You are completely attuned to the shadows.
You have sharp toenails.
Your flesh is cold resistant. (rC+)
Armour fits poorly on your strangely shaped body.
You are weak. (Str -2)


Message History

The ufetubus shouts!
The orc shouts!
There is a stone staircase leading up here.
The goblin hits you but does no damage.
You climb upwards.
The quokka bites you but does no damage.
The black bear barely misses you. The black bear misses you.
The black bear barely misses you. The quokka bites you.
The black bear bites you but does no damage.
The black bear barely misses you. x2; The quokka bites you.
There is a stone staircase leading down here.
It was a potion of flight.
You feel very buoyant.
You fly up into the air.
The goblin hits you but does no damage. The black bear bites you.
The black bear closely misses you. The black bear claws you.
The quokka barely misses you. The goblin hits you but does no damage.
The black bear barely misses you. The black bear claws you.
The black bear misses you.
It was a potion of ambrosia.
You are confused.
You feel invigorated. The quokka bites you.
The goblin hits you with a +0 dagger.
The quokka bites you but does no damage.
The black bear bites you.
* * * LOW HITPOINT WARNING * * *
The black bear closely misses you. The black bear claws you.
* * * LOW HITPOINT WARNING * * *
You're too confused to move!
The angel hits itself with a +3 whip of holy wrath!
The angel completely misses itself.
The quokka bites you. The goblin hits you with a +0 dagger.
* * * LOW HITPOINT WARNING * * *
The black bear bites you.
* * * LOW HITPOINT WARNING * * *
The black bear claws you.
* * * LOW HITPOINT WARNING * * *
The black bear barely misses you. The quokka misses you.
The goblin hits you with a +0 dagger.
* * * LOW HITPOINT WARNING * * *
The black bear bites you.
You die...

.##.......#
.#........##
.†.........#
..........#### ###
#..#.........###.#
#..#..........##.##
#..#..............##
<..............h.g.###
.#.......#..#.#r@##..##
###......#............#
#...................##
.. ..†...#####.....#
......#.A.#..#..#
....._#...#_....#
.....#...#..#..#
.....#####..####
............#


You could see an angel (confused), a black bear, a quokka and a goblin.

Vanquished Creatures
  An orc priest (D:3)
  Natasha (twice) (D:4)
  3 adders (D:3)
  3 dart slugs
  4 orcs (D:3)
  3 ball pythons
  4 endoplasms (D:1)
  3 giant cockroaches
  7 goblins
  3 hobgoblins
  8 jackals
  A quokka (D:3)
  3 bats
  4 frilled lizards (D:1)
  3 kobolds
  4 rats
56 creatures vanquished.

Notes
Turn   | Place    | Note
-------+----------+-------------------------------------------
     0 | D:1      | Newt the Kobold Hunter began the quest for the Orb.
     0 | D:1      | Reached XP level 1. HP: 12/12 MP: 1/1
    31 | D:1      | Reached XP level 2. HP: 17/17 MP: 2/2
    68 | D:1      | Reached skill level 6 in Ranged Weapons
   346 | D:1      | Reached XP level 3. HP: 21/21 MP: 3/3
   989 | D:2      | You fall into a shaft and drop 1 floor!
  1002 | D:3      | Reached skill level 7 in Ranged Weapons
  1002 | D:3      | Reached XP level 4. HP: 12/26 MP: 4/4
  1250 | D:3      | Gained mutation: You are weak. (Str -2) [potion of
                  | mutation]
  1250 | D:3      | Gained mutation: Your flesh is cold resistant. (rC+)
                  | [potion of mutation]
  1250 | D:3      | Gained mutation: Armour fits poorly on your strangely
                  | shaped body. [potion of mutation]
  1250 | D:3      | Gained mutation: You have sharp toenails. [potion of
                  | mutation]
  1537 | D:3      | Noticed a shining eye
  1538 | D:3      | Found a faded altar of an unknown god.
  1538 | D:3      | Noticed a golden eye
  1550 | D:3      | Noticed a floating eye
  1550 | D:3      | Noticed a floating eye
  1607 | D:3      | Reached XP level 5. HP: 30/30 MP: 5/5
  1609 | D:3      | Reached skill level 8 in Ranged Weapons
  1793 | D:3      | Found a stormy altar of Qazlal.
  2201 | D:4      | Noticed Natasha
  2207 | D:4      | Killed Natasha
  2224 | D:4      | Found a shimmering altar of Xom.
  2226 | D:4      | Noticed an angel
  2228 | D:4      | Found a glowing silver altar of Zin.
  2251 | D:4      | Noticed Natasha
  2256 | D:4      | Killed Natasha
  2271 | D:4      | Noticed a black bear
  2301 | D:5      | Entered Level 5 of the Dungeon
  2301 | D:5      | Noticed an ice beast
  2306 | D:4      | Slain by a black bear

Illustrated notes

Levels and vault maps discovered:
D:1:      saegor_arrival_miasma, layout_basic
D:2:      minmay_evil_eye, layout_basic, uniq_robin, uniq_sigmund
D:3:      layout_basic, mainiacjoe_overflow_six_doors_small,
          hellmonk_ecumenical_altar_watching_god, item_on_display_a
D:4:      layout_cave_pools, grunt_temple_overflow_order_and_chaos_1,
          lemuel_doored_altar, kennysheep_little_box, gammafunk_ghost_smash,
          uniq_natasha, uniq_crazy_yiuf_cottage
D:5:      layout_basic, mainiacjoe_overflow_alcove_4, kennysheep_generic_room_4

Skill      XL: |  1  2  3  4  5 |
---------------+----------------+-----
Ranged Weapons | 6 7 8 |  8.1
Stealth        | 2 |  2.7
Fighting       | |  2.5
Armour         | |  0.5
Dodging        | |  2.4

Action                   |  1- 3 |  4- 6 || total
-------------------------+-------+-------++-------
 Fire: Shortbow          |    84 |    66 ||   150
Evoke: Wand              |       |     1 ||     1
  Use: Scroll            |     1 |     5 ||     6
       Potion            |       |     7 ||     7
Armor: Leather armour    |    11 |    30 ||    41
Dodge: Dodged            |    51 |    72 ||   123

Table legend: (Time is in decaauts)
 A = Elapsed time spent in this place.
 B = Non-inter-level travel time spent in this place.
 C = Inter-level travel time spent in this place.
 D = Time resting spent in this place.
 E = Time spent auto-exploring this place.
 F = Levels seen in this place.
 G = Mean time per level.
                   A        B        C        D        E       F      G
               +--------+--------+--------+--------+--------+-----+--------+
         Total |   2344 |   2238 |    106 |    482 |   1429 |   5 |  468.8 |
       Dungeon |   2344 |   2238 |    106 |    482 |   1429 |   5 |  468.8 |
               +--------+--------+--------+--------+--------+-----+--------+

Top non-repeatable levels by time:
     D:3: 1213 daAuts
     D:1: 1005 daAuts
     D:4: 122 daAuts
     D:5: 2 daAuts
     D:2: 0 daAuts
